 Dungeon Crawl Stone Soup version 0.28.0-45-g0d030f2227 (webtiles) character file.

Game seed: 8886603363072970603

8204 mortz the Thaumaturge (level 11, 0/56 HPs)
             Began as a Deep Elf Conjurer on Apr 24, 2022.
             Was an Elder of Vehumet.
             Slain by a vampire (6 damage)
             ... on level 11 of the Dungeon.
             The game lasted 01:13:26 (12691 turns).

mortz the Thaumaturge (Deep Elf Conjurer)          Turns: 12691, Time: 01:13:27

Health: 0/56       AC:  7    Str:  6    XL:     11   Next: 6%
Magic:  22/31      EV: 11    Int: 32    God:    Vehumet [****..]
Gold:   598        SH: 13    Dex: 15    Spells: 6/38 levels left

rFire   . . .      SeeInvis .   O - +7 long sword "Turolod" {flame, Will+ rCorr Dex+2, long}
rCold   . . .      Faith    .   c - +0 kite shield
rNeg    . . .      Spirit   .   S - +0 troll leather armour
rPois   +          Reflect  +   (no helmet)
rElec   .          Harm     .   J - +0 cloak
rCorr   +          Rampage  .   (no gloves)
Will    ++...                   h - +1 pair of boots
Stlth   +++.......              B - amulet of reflection
HPRegen 0.98/turn               k - ring of poison resistance
MPRegen 0.22/turn               t - +6 ring of intelligence

@: no status effects
A: no striking features
a: Renounce Religion


You were on level 11 of the Dungeon.
You worshipped Vehumet.
Vehumet was greatly pleased with you.
You visited 2 branches of the dungeon, and saw 12 of its levels.

You collected 808 gold pieces.
You spent 210 gold pieces at shops.


   Skills:
 + Level 1.4 Fighting
 + Level 1.3 Armour
 + Level 4.4 Dodging
 + Level 4.6 Stealth
 + Level 1.4 Shields
 + Level 0.1 Unarmed Combat
 + Level 14.0 Spellcasting
 + Level 13.1 Conjurations
 + Level 4.6 Fire Magic


You had 6 spell levels left.
You knew the following spells:

 Your Spells              Type           Power      Damage    Failure   Level
a - Magic Dart            Conj           100%       1d8       1%          1
b - Searing Ray           Conj           100%       2d8       1%          2
c - Foxfire               Conj/Fire      100%       2x1d9     1%          1
d - Iskenderun's Battles  Conj           82%        2d13      1%          5
e - Flame Wave            Conj/Fire      68%        2d13      1%          4
f - Iskenderun's Mystic   Conj/Tloc      59%        2d12      2%          4
g - Fireball              Conj/Fire      34%        3d14      2%          5
h - Orb of Destruction    Conj           41%        9d11      11%         7
i - Frozen Ramparts       Ice            44%        1d6       9%          3

Your spell library contained the following spells:

 Spells                   Type           Power      Damage    Failure   Level
 Conjure Flame            Conj/Fire      68%        6-21      1%          3
 Dazzling Flash           Conj/Hex       100%       N/A       1%          3
 Sticky Flame             Conj/Fire      68%        2d8       1%          4
 Fulminant Prism          Conj/Hex       29%        3d14      2%          4
 Inner Flame              Hex/Fire       37%        N/A       3%          3
 Ignite Poison            Fire/Tmut/Pois 32%        N/A       4%          3
 Sublimation of Blood     Necr           22%        N/A       16%         2
 Wereblood                Tmut           22%        N/A       16%         2
 Conjure Ball Lightning   Conj/Air       29%        3x3d8     28%         6
 Gell's Gravitas          Tloc           22%        N/A       32%         3
 Teleport Other           Tloc           22%        N/A       32%         3
 Dispersal                Tloc           11%        N/A       100%        6
 Summon Hydra             Summ           11%        N/A       100%        7

Inventory:

Hand Weapons
 x - a +0 spear of venom {polearm}
   (You found it on level 5 of the Dungeon)
 y - a +3 hand axe {axe}
   (You took it off an orc on level 6 of the Dungeon)
 E - a +1 falchion of holy wrath {long}
   (You took it off an orc on level 10 of the Dungeon)
 G - a +2 spear of flaming {polearm}
   (You took it off a gnoll sergeant on level 7 of the Dungeon)
 I - a +5 long sword {long}
   (You took it off a wight on level 7 of the Dungeon)
 N - the +8 spear "Uczerch" {freeze, Str+6 Int-4, polearm}
   (You found it on level 9 of the Dungeon)

   It freezes those it strikes, dealing additional cold damage.
   It can also slow down cold-blooded creatures.
   Str:       It affects your strength (+6).
   Int:       It affects your intelligence (-4).
 O - the +7 long sword "Turolod" (weapon) {flame, Will+ rCorr Dex+2, long}
   (You found it on level 10 of the Dungeon)

   It burns those it strikes, dealing additional fire damage.
   Big, fiery blades are also staple armaments of hydra-hunters.
   Dex:       It affects your dexterity (+2).
   rCorr:     It protects you from acid and corrosion.
   Will:      It increases your willpower.
 R - a +1 scimitar {long}
   (You took it off a wight on level 9 of the Dungeon)
 Z - a +5 scimitar of holy wrath {long}
   (You found it on level 10 of the Dungeon)
Missiles
 H - 7 boomerangs of dispersal {=f!fthrowing}
 T - 5 poisoned darts {throwing}
 X - 5 silver javelins {throwing}
Armour
 c - a +0 kite shield (worn)
   (You took it off a gnoll sergeant on level 9 of the Dungeon)
 h - a +1 pair of boots (worn)
   (You found it on level 2 of the Dungeon)
 F - a +1 ring mail of cold resistance
   (You took it off an orc on level 9 of the Dungeon)
 J - a +0 cloak (worn)
   (You took it off Crazy Yiuf on level 7 of the Dungeon)
 L - +0 steam dragon scales
   (You found it on level 8 of the Dungeon)
 P - a +4 chain mail
   (You took it off an orc warrior on level 10 of the Dungeon)
 Q - a +1 robe of positive energy
   (You took it off an orc wizard on level 9 of the Dungeon)
 S - a +0 troll leather armour (worn)
   (You found it on level 10 of the Dungeon)
Magical Staves
 v - a staff of air {!astaff}
   (You found it on level 7 of the Dungeon)
Jewellery
 j - a ring of ice
   (You found it on level 2 of the Dungeon)
 k - a ring of poison resistance (left hand)
   (You found it on level 2 of the Dungeon)
 o - a +6 ring of strength
   (You found it on level 3 of the Dungeon)
 t - a +6 ring of intelligence (right hand)
   (You found it on level 4 of the Dungeon)
 B - an amulet of reflection (around neck)
   (You found it on level 5 of the Dungeon)
 W - a ring of see invisible
   (You bought it in a shop on level 10 of the Dungeon)
Wands
 n - a wand of polymorph (11)
   (You found it on level 3 of the Dungeon)
 q - a wand of iceblast (8)
   (You found it on level 4 of the Dungeon)
 r - a wand of acid (5)
   (You found it on level 4 of the Dungeon)
 s - a wand of flame (4)
   (You found it on level 4 of the Dungeon)
 M - a wand of digging (4)
   (You found it on level 9 of the Dungeon)
 V - a wand of paralysis (3)
   (You found it on level 10 of the Dungeon)
Scrolls
 b - a scroll of immolation {unknown}
 g - 2 scrolls of fog
 i - 2 scrolls of teleportation {@r4}
 p - a scroll of acquirement {unknown}
 A - a scroll of silence {unknown}
Potions
 a - a potion of attraction {!q}
 d - a potion of resistance
 e - 2 potions of berserk rage {!q}
 f - 3 potions of might
 l - 2 potions of flight
 m - 7 potions of curing {@q1}
 u - a potion of mutation {unknown}
 w - a potion of ambrosia
 z - 9 potions of degeneration {!q@e2}
 C - 2 potions of cancellation
 D - 2 potions of heal wounds {@q2}
 K - 3 potions of haste {@q3}
 U - a potion of lignification {unknown}

Dungeon Overview and Level Annotations

Branches:
Dungeon (11/15)            Temple (1/1) D:4            Lair (0/6) D:9
    Orc (0/2) D:9

Altars:
Ashenzari
Cheibriados
Dithmenos
Elyvilon
Fedhas
Gozag
Hepliaklqana
Kikubaaqudgha
Makhleb
Nemelex Xobeh
Okawaru
Qazlal
Ru
Sif Muna
Trog
Uskayaw
Vehumet
Wu Jian
Xom
Yredelemnul
Zin
The Shining One

Shops:
D:10 =

Annotations:
D:3 3 runed translucent doors, Aldia's ghost, amateur OpWz; NinjaNoafa's ghost, weakling GrEE; sanboga's ghost, weakling GrFi
D:5 Eustachio
D:8 1 exclusion

...#...+.....#
..##...#.....# .....
..##...#.....# .....
.......'.....# ....).
.......#.....# ..).).
.......#...>.#+###....
########............#
.....†..........*{..#
................@...#
....................#
.........>..........#
....................#
####+########.......#
#########


You could see a friendly battlesphere.


Message History

You lost 4 mp, and now have 24/30 mp.
Aiming: Magic Dart (safe; 1% risk of failure)
Press: ? - help, Q - select action, (/) - cycle Shift-Dir - straight line, f - orc warrior
Aim: an orc warrior, wielding a +0 glaive and wearing a +0 plate armour (100% to hit)
The magic dart hits the orc warrior but does no damage.
Your battlesphere fires!
The barrage of energy hits the orc warrior! 😎 MP[-1]
You lost 1 mp, and now have 23/30 mp.
Aiming: Magic Dart (safe; 1% risk of failure)
Press: ? - help, Q - select action, (/) - cycle Shift-Dir - straight line, f/p - orc warrior
Aim: an orc warrior, wielding a +0 glaive and wearing a +0 plate armour (moderately wounded, ally target, 100% to hit)
The magic dart hits the orc warrior but does no damage.
Your battlesphere fires!
The barrage of energy hits the orc warrior!
An orc comes into view. It is wielding a +0 mace. 😎 MP[-1]
You lost 1 mp, and now have 22/30 mp.
Aiming: Magic Dart (safe; 1% risk of failure)
Press: ? - help, Q - select action, (/) - cycle Shift-Dir - straight line, f/p - orc warrior
Aim: an orc warrior, wielding a +0 glaive and wearing a +0 plate armour (heavily wounded, ally target, 100% to hit)
The magic dart hits the orc warrior but does no damage.
Your battlesphere fires!
The barrage of energy hits the orc warrior!!
You kill the orc warrior!
Vehumet accepts your kill.
You feel your power returning.
Aiming: Magic Dart (safe; 1% risk of failure)
Press: ? - help, Q - select action, (/) - cycle Shift-Dir - straight line, f - orc
Aim: an orc, wielding a +0 mace (100% to hit)
The magic dart hits the orc.
Your battlesphere fires!
The barrage of energy hits the orc!!
You kill the orc!
Vehumet accepts your kill.
You feel your power returning.
Your Spellcasting skill increases to level 14! 😎 MP[+1]
You start resting.
Something hits you but does no damage.
Deactivating autopickup; reactivate with Ctrl-A.
Something bites you!
Something draws strength from your injuries! 😕 HP[-12] MP[+1]
You take 12 damage, and now have 44/56 hp.
MASSIVE DAMAGE!! (PAUSE)
Casting: Magic Dart (safe; 1% risk of failure)
Confirm with . or Enter, or press ? or * to list all spells.
You conjure some foxfire!
Something hits you but does no damage.
Something bites you but does no damage. 😕 HP[+1] MP[-1]
You lost 1 mp, and now have 23/31 mp.
Casting: Foxfire (safe; 1% risk of failure)
Confirm with . or Enter, or press ? or * to list all spells.
You conjure some foxfire!
The foxfire hits something.
The foxfire hits something but does no damage.
Something hits you but does no damage. Something bites you.
Something draws strength from your injuries! 😮 HP[-5] MP[-1]
You take 5 damage, and now have 40/56 hp.
You lost 1 mp, and now have 22/31 mp.
Casting: Foxfire (safe; 1% risk of failure)
Confirm with . or Enter, or press ? or * to list all spells.
You conjure some foxfire!
The foxfire hits something but does no damage. x2
Something hits you.
Something bites you but does no damage. 😮 HP[-4] MP[-1]
You take 4 damage, and now have 36/56 hp.
You lost 1 mp, and now have 21/31 mp.
Casting: Foxfire (safe; 1% risk of failure)
Confirm with . or Enter, or press ? or * to list all spells.
You conjure some foxfire!
The foxfire hits something.
Something hits you!
You block something's attack. 😮 HP[-7] MP[-1]
You take 7 damage, and now have 29/56 hp.
You lost 1 mp, and now have 20/31 mp.
You hit something. You burn something.
The foxfire hits something.
The foxfire hits something but does no damage. x2
Something hits you.
* * * LOW HITPOINT WARNING * * *
You block something's attack. Something hits you.
* * * LOW HITPOINT WARNING * * *
Something bites you but does no damage. 😨 HP[-5] MP[+1]
You take 5 damage, and now have 24/56 hp.
You completely miss something. You block something's attack.
Something bites you.
* * * LOW HITPOINT WARNING * * *
Something draws strength from your injuries! 😨 HP[-2]
You take 2 damage, and now have 22/56 hp.
You hit something. You burn something. Something hits you.
* * * LOW HITPOINT WARNING * * *
Something bites you!
* * * LOW HITPOINT WARNING * * *
Something draws strength from your injuries!
Something hits you.
* * * LOW HITPOINT WARNING * * *
Something bites you.
You die...

Skill      XL: |  1  2  3  4  5  6  7  8  9 10 11 |
---------------+----------------------------------+-----
Conjurations   | 5 6 7 8 9 11 13 | 13.1
Spellcasting   | 4 6 7 8 9 11 13 14 | 14.0
Stealth        | 3 4 |  4.6
Fighting       | 1 |  1.4
Dodging        | 3 4 |  4.4
Fire Magic     | 3 4 |  4.6
Armour         | 1 |  1.3
Shields        | 1 |  1.4
Unarmed Combat | |  0.1

Action                   |  1- 3 |  4- 6 |  7- 9 | 10-12 || total
-------------------------+-------+-------+-------+-------++-------
Melee: Unarmed           |     2 |       |       |       ||     2
       Long sword        |       |       |     3 |     3 ||     6
 Cast: Magic Dart        |    58 |    42 |   117 |    85 ||   302
       Searing Ray       |    13 |    16 |    55 |    17 ||   101
       Foxfire           |       |       |    15 |     4 ||    19
       Iskenderun's Batt |       |       |    10 |    20 ||    30
       Iskenderun's Myst |       |       |     4 |     1 ||     5
Evoke: Wand              |       |       |     1 |     1 ||     2
  Use: Scroll            |       |     3 |     6 |     4 ||    13
Armor: Robe              |     2 |     4 |     3 |       ||     9
       Steam dragon scal |       |       |     1 |     1 ||     2
       Troll leather arm |       |       |       |     6 ||     6
Dodge: Dodged            |       |     3 |    23 |     5 ||    31
Block: Other             |       |       |    10 |       ||    10
       Reflection        |       |       |     2 |     4 ||     6
       Kite shield       |       |       |       |    12 ||    12

Levels and vault maps discovered:
D:1:      wander_arrival_chamber, layout_rooms, minmay_tromino_v4_b
D:2:      layout_basic, basic_altar, grunt_decor_fettered, minivault_24
D:3:      layout_basic, gammafunk_ghost_cemetery, uniq_grinder
D:4:      layout_cave_pools, minmay_temple_entry_mini_moons,
          minmay_misc_feat_room
D:5:      layout_basic, nrook_campfire, uniq_eustachio
D:6:      layout_basic, nemelex_dance_club_becter, chequers_hall_statues_wall_a,
          st_stairs_5
D:7:      layout_gridville, uniq_crazy_yiuf_cottage
D:8:      layout_cave_pods, minmay_misc_feat_x, kennysheep_nondescript,
          minmay_lindwurm_lava
D:9:      layout_loops_ring, erik_lair_orcish_takeover, erik_orc_1, special_room
          [special_room_orc], kennysheep_minor_cross
D:10:     layout_long_grid, serial_shops, shop, nicolae_straight_to_the_point
D:11:     layout_gridville, minmay_the_grid_square_5x5_3x3_mashed
          [minmay_the_grid_square_5x5_z,
          minmay_the_grid_square_5x5_broken_cross,
          minmay_the_grid_square_5x5_seven,
          minmay_the_grid_square_5x5_half_checkered,
          minmay_the_grid_square_5x5_megaprize_hollow,
          minmay_the_grid_square_5x5_inverted_slash,
          minmay_the_grid_square_5x5_two_walls_b,
          minmay_the_grid_square_5x5_shrine2, minmay_the_grid_square_5x5_fat_x],
          uniq_fannar
Temple:   roderic_octagonal_lattice_temple

Notes
Turn   | Place    | Note
-------+----------+-------------------------------------------
     0 | D:1      | mortz the Deep Elf Conjurer began the quest for the Orb.
     0 | D:1      | Reached XP level 1. HP: 10/10 MP: 6/6
     0 | D:1      | magus.rc [v1.9.6]
   371 | D:1      | Reached XP level 2. HP: 15/15 MP: 5/8
   470 | D:1      | Learned a level 2 spell: Searing Ray
   571 | D:1      | Reached skill level 5 in Conjurations
   786 | D:1      | Reached XP level 3. HP: 19/19 MP: 8/10
  1081 | D:2      | Found an ancient bone altar of Kikubaaqudgha.
  1308 | D:2      | Reached skill level 4 in Spellcasting
  1355 | D:2      | You pick up a book of Flames and begin reading...
  1355 | D:2      | You add the spells Foxfire, Conjure Flame, Inner Flame and
                  | Flame Wave to your library.
  1358 | D:2      | Learned a level 1 spell: Foxfire
  1871 | D:3      | Reached XP level 4. HP: 24/24 MP: 7/12
  1932 | D:3      | Noticed Grinder
  2723 | D:3      | Killed Grinder
  2724 | D:3      | Reached skill level 3 in Stealth
  2724 | D:3      | Reached skill level 6 in Spellcasting
  2724 | D:3      | Reached skill level 6 in Conjurations
  2724 | D:3      | Reached XP level 5. HP: 28/28 MP: 1/15
  2724 | D:3      | Reached XP level 6. HP: 32/32 MP: 1/17
  2942 | D:3      | Found a runed translucent gate.
  2943 | D:3      | Found a runed translucent gate.
  2943 | D:3      | Found a runed translucent gate.
  2944 | D:3      | Noticed Aldia's ghost (amateur OpWz)
  2945 | D:3      | Noticed NinjaNoafa's ghost (weakling GrEE)
  2945 | D:3      | Noticed sanboga's ghost (weakling GrFi)
  3102 | D:4      | Found a staircase to the Ecumenical Temple.
  3111 | Temple   | Entered the Ecumenical Temple
  3274 | Temple   | Became a worshipper of Vehumet
  3443 | D:4      | You pick up a book of Blood and begin reading...
  3443 | D:4      | You add the spells Sublimation of Blood, Wereblood and
                  | Summon Hydra to your library.
  3722 | D:4      | You add the spells Gell's Gravitas, Teleport Other and
                  | Dispersal to your library.
  3961 | D:5      | Entered Level 5 of the Dungeon
  3978 | D:5      | You pick up a book of the Spheres and begin reading...
  3978 | D:5      | You add the spells Iskenderun's Battlesphere, Fireball,
                  | Conjure Ball Lightning and Orb of Destruction to your
                  | library.
  3985 | D:5      | Learned a level 5 spell: Iskenderun's Battlesphere
  4013 | D:5      | Reached skill level 7 in Conjurations
  4040 | D:5      | Noticed a sky beast
  4058 | D:5      | Reached skill level 7 in Spellcasting
  4058 | D:5      | Reached XP level 7. HP: 18/36 MP: 14/19
  4484 | D:5      | Reached skill level 1 in Fighting
  5037 | D:5      | Noticed Eustachio
  5306 | D:6      | Reached skill level 8 in Conjurations
  5355 | D:6      | Reached skill level 8 in Spellcasting
  5430 | D:6      | Reached XP level 8. HP: 43/43 MP: 14/22
  5514 | D:6      | Reached * piety under Vehumet
  5514 | D:6      | Offered knowledge of Sandblast by Vehumet.
  5931 | D:6      | Found a sparkling altar of Nemelex Xobeh.
  6277 | D:7      | Learned a level 4 spell: Flame Wave
  6310 | D:7      | Reached skill level 9 in Spellcasting
  6443 | D:7      | Reached skill level 9 in Conjurations
  6447 | D:7      | Reached skill level 3 in Dodging
  6695 | D:7      | Reached skill level 4 in Stealth
  7043 | D:7      | HP: 8/43 [gnoll sergeant/+2 spear of flaming (11)]
  7702 | D:7      | Found a runed translucent door.
  7703 | D:7      | Noticed Crazy Yiuf
  7708 | D:7      | Killed Crazy Yiuf
  7709 | D:7      | Reached XP level 9. HP: 47/47 MP: 20/24
  7802 | D:8      | Reached skill level 10 in Conjurations
  7879 | D:8      | Reached skill level 10 in Spellcasting
  7886 | D:8      | Offered knowledge of Static Discharge by Vehumet.
  7892 | D:8      | Learned a level 4 spell: Iskenderun's Mystic Blast
  7898 | D:8      | Learned a level 5 spell: Fireball
  8100 | D:8      | Reached skill level 1 in Fire Magic
  8100 | D:8      | Reached ** piety under Vehumet
  8415 | D:8      | Reached skill level 4 in Dodging
  8709 | D:8      | Reached skill level 2 in Fire Magic
  8950 | D:8      | Noticed a manticore
  9000 | D:8      | Noticed a lindwurm
  9094 | D:9      | Identified the +8 spear "Uczerch" {freeze, Str+6 Int-4}
  9291 | D:9      | Reached skill level 1 in Armour
  9291 | D:9      | Reached skill level 11 in Spellcasting
  9503 | D:9      | Found a staircase to the Orcish Mines.
  9651 | D:9      | Reached skill level 11 in Conjurations
  9651 | D:9      | Reached skill level 3 in Fire Magic
  9682 | D:9      | Offered knowledge of Ignite Poison by Vehumet.
  9957 | D:9      | Reached XP level 10. HP: 40/52 MP: 6/27
  9959 | D:9      | Reached skill level 4 in Fire Magic
 10073 | D:9      | Reached *** piety under Vehumet
 10082 | D:9      | Reached skill level 12 in Spellcasting
 10195 | D:9      | Learned a level 7 spell: Orb of Destruction
 10326 | D:9      | HP: 8/52 [orc warrior/+0 glaive (16)]
 10327 | D:9      | Offered knowledge of Hailstorm by Vehumet.
 10378 | D:9      | HP: 11/52 [orc/boomerang (5)]
 10749 | D:9      | Found a staircase to the Lair.
 11215 | D:9      | Reached skill level 12 in Conjurations
 11232 | D:9      | Reached skill level 1 in Shields
 11340 | D:10     | Entered Level 10 of the Dungeon
 11359 | D:10     | Reached **** piety under Vehumet
 11445 | D:10     | Identified the +7 long sword "Turolod" {flame, Will+ rCorr
                  | Dex+2}
 11538 | D:10     | Reached skill level 13 in Spellcasting
 11589 | D:10     | Found Jozxaol's Jewellery Shop.
 11598 | D:10     | Bought a ring of see invisible for 210 gold pieces
 11802 | D:10     | Offered knowledge of Frozen Ramparts by Vehumet.
 11899 | D:10     | Learned a level 3 spell: Frozen Ramparts
 12214 | D:10     | You add the spells Ignite Poison and Sticky Flame to your
                  | library.
 12431 | D:11     | Noticed a manticore
 12431 | D:11     | Noticed a two-headed ogre
 12439 | D:11     | magus.rc [v1.9.6]
 12449 | D:11     | Killed a two-headed ogre
 12474 | D:11     | Killed a manticore
 12475 | D:11     | Reached skill level 13 in Conjurations
 12475 | D:11     | Reached XP level 11. HP: 56/56 MP: 22/30
 12680 | D:11     | Reached skill level 14 in Spellcasting
 12691 | D:11     | HP: 10/56 [something (11)]
 12691 | D:11     | Slain by a vampire

Vanquished Creatures
  A two-headed ogre (D:11)
  A manticore (D:11)
  2 trolls
  Grinder (D:3)
  A wyvern (D:8)
  A basilisk (D:11)
  A steam dragon (D:8)
  10 yaks
  2 wargs (D:9)
  3 sky beasts
  A swamp drake (D:9)
  An ice beast (D:6)
  9 orc warriors
  A black bear (D:8)
  3 ogres
  4 centaurs
  A kobold brigand (D:9)
  2 gnoll sergeants
  3 scorpions
  3 bullfrogs
  12 wights
  5 killer bees (D:9)
  A howler monkey (D:10)
  A bullfrog zombie (D:6)
  3 centaur zombies
  A jelly (D:8)
  8 orc priests
  Crazy Yiuf (D:7)
  A bullfrog skeleton (D:5)
  5 hounds
  3 iguanas
  12 orc wizards
  A killer bee zombie (D:7)
  A howler monkey zombie (D:9)
  9 gnolls
  6 adders
  A shadow imp (D:6)
  3 white imps
  An ufetubus (D:5)
  A worm (D:2)
  3 dart slugs
  57 orcs
  9 endoplasms
  3 giant cockroaches
  9 goblins
  7 hobgoblins
  2 jackals (D:1)
  3 ball pythons
  A bat (D:1)
  2 frilled lizards (D:1)
  7 kobolds
  11 rats
241 creatures vanquished.

Vanquished Creatures (others)
  34 foxfires
  A fungus (D:7)
  A withered plant (D:3)
36 creatures vanquished.

Grand Total: 277 creatures vanquished

Table legend:
 A = Non-vault XP
 B = Vault XP
 C = Vault XP percentage of total XP
 D = Non-vault monster count
 E = Vault monster count
 F = Vault count percentage of total count
                 A         B        C        D         E       F
            +---------+---------+-------+---------+---------+-------
      Total |    9477 |    2243 |  19.1 |     183 |      58 |  24.1
            +---------+---------+-------+---------+---------+-------
        D:1 |      45 |       2 |   4.3 |      26 |       1 |   3.7
        D:2 |      47 |       0 |   0.0 |      11 |       0 |   0.0
        D:3 |      45 |     272 |  85.8 |      14 |       1 |   6.7
        D:4 |     209 |       0 |   0.0 |       9 |       0 |   0.0
        D:5 |     525 |       0 |   0.0 |      13 |       0 |   0.0
        D:6 |     447 |     161 |  26.5 |      12 |       4 |  25.0
        D:7 |    1037 |      40 |   3.7 |      20 |       1 |   4.8
        D:8 |     880 |       0 |   0.0 |      12 |       0 |   0.0
        D:9 |    2569 |    1768 |  40.8 |      38 |      51 |  57.3
       D:10 |    1547 |       0 |   0.0 |      16 |       0 |   0.0
       D:11 |    2126 |       0 |   0.0 |      12 |       0 |   0.0
            +---------+---------+-------+---------+---------+-------

Illustrated notes

Table legend:
 A = Kills in this place as a percentage of kills in entire the game.
 B = Kills by you in this place as a percentage of kills by you in the entire game.
 C = Kills by friends in this place as a percentage of kills by friends in the entire game.
 D = Other kills in this place as a percentage of other kills in the entire game.
 E = Experience gained in this place as a percentage of experience gained in the entire game.
 F = Experience gained in this place divided by the number of levels of this place that you have seen.
                   A       B       C       D       E      F
               +-------+-------+-------+-------+-------+----------------------
         Total | 100.0 | 100.0 |   N/A |   N/A | 100.0 | 976.7
       Dungeon | 100.0 | 100.0 |   N/A |   N/A | 100.0 | 1065.5
               +-------+-------+-------+-------+-------+----------------------

Table legend: (Time is in decaauts)
 A = Elapsed time spent in this place.
 B = Non-inter-level travel time spent in this place.
 C = Inter-level travel time spent in this place.
 D = Time resting spent in this place.
 E = Time spent auto-exploring this place.
 F = Levels seen in this place.
 G = Mean time per level.
                   A        B        C        D        E       F      G
               +--------+--------+--------+--------+--------+-----+--------+
         Total |  12686 |  12273 |    413 |   1769 |   8719 |  12 | 1057.2 |
       Dungeon |  12399 |  12005 |    394 |   1769 |   8478 |  11 | 1127.2 |
        Temple |    286 |    267 |     19 |      0 |    241 |   1 |  286.0 |
               +--------+--------+--------+--------+--------+-----+--------+

Top non-repeatable levels by time:
     D:9: 2158 daAuts
     D:7: 1509 daAuts
     D:8: 1401 daAuts
     D:5: 1299 daAuts
     D:3: 1072 daAuts
     D:1: 1041 daAuts
     D:6: 1003 daAuts
    D:10: 992 daAuts
     D:2: 902 daAuts
     D:4: 660 daAuts
    D:11: 358 daAuts
  Temple: 286 daAuts
